 Dungeon Crawl Stone Soup version 0.26.1-2-gb8aa6d0cf2 (webtiles) character file.

Game seed: 6140652726078969881

25 Gadfly the Skirmisher (level 2, 0/24 HPs)
             Began as a Demonspawn Monk on Feb 11, 2021.
             Slain by a giant cockroach (1 damage)
             ... on level 1 of the Dungeon.
             The game lasted 00:01:58 (1567 turns).

Gadfly the Skirmisher (Demonspawn Monk)             Turns: 1567, Time: 00:01:59

Health: 0/24       AC:  6    Str: 11    XL:     2   Next: 86%
Magic:  3/3        EV:  9    Int: 11    God:
Gold:   40         SH:  0    Dex: 15    Spells: 1/1 levels left

rFire    . . .     SeeInvis .   b - +0 dagger (elec)
rCold    . . .     Faith    .   (no shield)
rNeg     . . .     Spirit   .   e - +0 scale mail
rPois    .         Reflect  .   (no helmet)
rElec    .         Harm     .   (no cloak)
rCorr    .         Rampage  .   (no gloves)
Will     .....                  (no boots)
Stlth    +.........             (no amulet)
HPRegen  0.08/turn              c - ring of flight
MPRegen  0.08/turn              (no ring)

@: no status effects
A: powered by pain 1
a: Evoke Flight


You were on level 1 of the Dungeon.
You visited 1 branch of the dungeon, and saw 2 of its levels.

You collected 40 gold pieces.

Inventory:

Hand Weapons
 a - a +0 hand axe
 b - a +0 dagger of electrocution (weapon)
Armour
 e - a +0 scale mail (worn)
Jewellery
 c - a ring of flight (left hand)
Potions
 f - a potion of lignification {unknown}
 g - a potion of brilliance {unknown}
 h - a potion of attraction {unknown}


   Skills:
 - Level 3.0 Fighting
 + Level 2.8 Axes
 * Level 1.0 Armour
 - Level 2.6 Dodging
 - Level 1.7 Stealth
 * Level 1.8 Invocations
 * Level 1.1 Evocations


You had one spell level left.
You didn't know any spells.
Your spell library was empty.

Dungeon Overview and Level Annotations

Branches:
Dungeon (2/15)

Altars:


Innate Abilities, Weirdness & Mutations

You sometimes gain a little power by taking damage.


Message History

The giant cockroach bites you but does no damage.
The giant cockroach bites you.
* * * LOW HITPOINT WARNING * * *
The bat closely misses you. The giant cockroach misses you.
You climb upwards.
There is a stone staircase leading down here.
You closely miss the giant cockroach. The giant cockroach closely misses you.
You hit the giant cockroach.
The giant cockroach is moderately wounded.
The giant cockroach bites you but does no damage.
You barely miss the giant cockroach.
The giant cockroach is moderately wounded.
The giant cockroach bites you but does no damage.
You barely miss the giant cockroach.
The giant cockroach is moderately wounded.
The giant cockroach misses you. The giant cockroach barely misses you.
You barely miss the giant cockroach.
The giant cockroach is moderately wounded.
The giant cockroach bites you.
You die...

#.# #.##..........#.#. #.#
#.##.######.#.#.#.
#.######.##.#......#.#.#.
#......#.##)#.######.#.#.
######.#.##.#.# #.#.##
#.#.##.#.# #.#.#
#.#.##.#.######.#.#
#.#.##.#........#.#
#.#@##.##########.#
##############.#B##......†.....#
..................#.############
##############.####.# ### ###


You could see a giant cockroach.

Vanquished Creatures
  A worm (D:2)
  A leopard gecko (D:1)
  A giant cockroach (D:2)
  2 goblins (D:1)
  5 hobgoblins (D:1)
  2 ball pythons (D:1)
  4 frilled lizards
  5 kobolds
21 creatures vanquished.

Notes
Turn   | Place    | Note
-------+----------+-------------------------------------------
     0 | D:1      | Gadfly the Demonspawn Monk began the quest for the Orb.
     0 | D:1      | Reached XP level 1. HP: 18/18 MP: 1/1
   275 | D:1      | Reached skill level 1 in Invocations
   415 | D:1      | Gained mutation: You sometimes gain a little power by
                  | taking damage. [demonic ancestry]
   415 | D:1      | Reached XP level 2. HP: 24/24 MP: 2/2
  1205 | D:1      | Reached skill level 1 in Evocations
  1556 | D:2      | Reached skill level 1 in Armour
  1560 | D:2      | HP: 1/24 [giant cockroach (2)]
  1567 | D:1      | Slain by a giant cockroach

Illustrated notes

Levels and vault maps discovered:
D:1:      heliophobic_arrival_enchanted_forest, layout_basic
D:2:      layout_loops_ring, glass_columns_b, grunt_decor_one_mirror, uniq_robin

Skill      XL: |  1  2 |
---------------+-------+-----
Invocations    | 1 |  1.8
Evocations     | 1 |  1.1
Armour         | 1 |  1.0
Fighting       | |  3.0
Axes           | |  2.8
Dodging        | |  2.6
Stealth        | |  1.7

Action                   || total
-------------------------++-------
Melee: Hand axe          ||    42
       Dagger            ||    27
  Use: Scroll            ||     2
Armor: Robe              ||     2
       Scale mail        ||    21
Dodge: Dodged            ||    57
